 Dungeon Crawl Stone Soup version 0.22-a0-617-g6d95e9e (webtiles) character file.

90 sking99 the Insei (level 4, 0/36 HPs)
             Began as a Draconian Transmuter on July 12, 2018.
             Succumbed to a worker ant's poison
             ... on level 3 of the Dungeon.
             The game lasted 00:01:47 (1883 turns).

sking99 the Insei (Draconian Transmuter)            Turns: 1883, Time: 00:01:47

Health: 0/36       AC:  5    Str: 10 (12) XL:     4   Next: 32%
Magic:  5/7        EV: 12    Int: 12 (13) God:
Gold:   110        SH:  0    Dex: 11 (13) Spells: 4/7 levels left

rFire    . . .     SeeInvis .     - Unarmed
rCold    . . .     Gourm    .   (no shield)
rNeg     . . .     Faith    .   (armour unavailable)
rPois    .         Spirit   .   (helmet restricted)
rElec    .         Reflect  .   (no cloak)
rCorr    .         Harm     .   (no gloves)
MR       .....                  (no boots)
Stlth    +.........             (no amulet)
HPRegen  0.12/turn              (no ring)
MPRegen  0.10/turn              (no ring)

@: lethally poisoned (0 -> -1)
A: unfitting armour, cold-blooded, AC +5
a: no special abilities


You were on level 3 of the Dungeon.
You were not hungry.

You visited 1 branch of the dungeon, and saw 3 of its levels.

You collected 110 gold pieces.

Inventory:

Missiles
 a - 27 arrows
Jewellery
 e - a cursed ring of positive energy {unknown}
 g - an uncursed ring of flight {unknown}
Scrolls
 b - a scroll of fear {unknown}
 d - a scroll of magic mapping {unknown}
 f - a scroll of teleportation {unknown}
 h - 5 scrolls of identify {unknown}
 i - 2 scrolls of fog {unknown}
 k - a scroll of enchant weapon {unknown}
Potions
 j - a potion of might
Comestibles
 c - 5 rations
 m - a chunk of flesh


   Skills:
 + Level 2.2 Fighting
 + Level 2.4 Dodging
 * Level 4.0 Unarmed Combat
 - Level 2.0 Spellcasting
 + Level 2.6 Transmutations


You had 4 spell levels left.
You knew the following spells:

 Your Spells              Type           Power        Failure   Level  Hunger
a - Beastly Appendage     Tmut           #.....       9%          1    ##.....
b - Sticks to Snakes      Tmut           #.......     14%         2    ###....

Your spell library contained the following spells:

 Spells                   Type           Power        Failure   Level  Hunger
 Spider Form              Tmut/Pois      #.........   43%         3    ####...
 Blade Hands              Tmut           #.........   94%         5    ######.
 Ice Form                 Ice/Tmut       #.......     83%         4    #####..


Dungeon Overview and Level Annotations

Branches:
Dungeon (3/15)

Altars:


Innate Abilities, Weirdness & Mutations

Your plain brown scales are hard. (AC +5)
You cannot fit into any form of body armour.
You are cold-blooded and may be slowed by cold attacks.


Message History

You feel weakened.
You feel dopey.
You feel clumsy. The quokka closely misses you.
Okay, then.
You hit the quokka.
You kill the quokka!
* * * LOW HITPOINT WARNING * * *
You feel sick.
You closely miss the worker ant.
You kill the worker ant!
Your Unarmed Combat skill increases to level 4!
* * * LOW HITPOINT WARNING * * *
You feel sick.
You see here a quokka corpse.
There is an open door here.
Your horns disappear.
* * * LOW HITPOINT WARNING * * *
You feel sick.
* * * LOW HITPOINT WARNING * * *
You feel sick.
You die...

##### #......
#......# #......+
#......#+##########
#..........@.......
.........#########
###.....# #.....#
####.....#
###....##+##
#.'.......#
#†#....####
#.#....#


There were no monsters in sight!

Vanquished Creatures
  Terence (D:2)
  A worker ant (D:3)
  3 adders (D:2)
  A leopard gecko (D:2)
  An orc (D:3)
  4 bats
  2 giant cockroaches
  2 goblins (D:2)
  2 hobgoblins (D:2)
  A quokka (D:3)
  3 ball pythons
21 creatures vanquished.

Notes
Turn   | Place    | Note
-------+----------+-------------------------------------------
     0 | D:1      | sking99 the Draconian Transmuter began the quest for the Orb.
     0 | D:1      | Reached XP level 1. HP: 16/16 MP: 3/3
   671 | D:2      | Noticed Terence
   685 | D:2      | Killed Terence
   685 | D:2      | Reached XP level 2. HP: 15/24 MP: 3/5
   685 | D:2      | Reached XP level 3. HP: 18/29 MP: 3/6
   712 | D:2      | Learned a level 2 spell: Sticks to Snakes
  1730 | D:2      | Reached XP level 4. HP: 27/36 MP: 7/7
  1870 | D:3      | Reached skill level 4 in Unarmed Combat
  1875 | D:3      | HP: 1/36 [poisoned by a worker ant]
  1883 | D:3      | Succumbed to a worker ant's poison

Vault maps used:
D:1:      roderic_octagonal_star
D:2:      uniq_terence
D:3:      first_ration, minmay_mini_jars

Skill      XL: |  1  2  3  4 |
---------------+-------------+-----
Dodging        | 2 |  2.4
Fighting       | 2 |  2.2
Unarmed Combat | 4 |  4.0
Spellcasting   | |  2.0
Transmutations | |  2.6

Action                   |  1- 3 |  4- 6 || total
-------------------------+-------+-------++-------
Melee: Unarmed           |   104 |    22 ||   126
       Tailslap          |     8 |     4 ||    12
       Kick              |     2 |     1 ||     3
       Punch             |     2 |       ||     2
 Cast: Beastly Appendage |     3 |     2 ||     5
       Sticks to Snakes  |       |     2 ||     2
  Use: Potion            |       |     1 ||     1
 Stab: Sleeping          |     1 |       ||     1
  Eat: Chunk             |     1 |     2 ||     3
Armor: Skin              |    23 |     8 ||    31
Dodge: Dodged            |    76 |    21 ||    97

Table legend:
 A = Spawn XP
 B = Non-spawn XP
 C = Spawn XP percentage of total XP
 D = Spawn monster count
 E = Non-spawn monster count
 F = Spawn count percentage of total count
 G = Total turns spent on level
                    A         B        C        D         E        F      G
               +---------+---------+-------+---------+---------+-------+---------
         Total |       0 |     129 |   0.0 |       0 |      21 |   0.0 |  1883
               +---------+---------+-------+---------+---------+-------+---------
           D:1 |       0 |       6 |   0.0 |       0 |       4 |   0.0 |   598
           D:2 |       0 |      91 |   0.0 |       0 |      12 |   0.0 |  1219
           D:3 |       0 |      32 |   0.0 |       0 |       5 |   0.0 |    66
               +---------+---------+-------+---------+---------+-------+---------
